AoeStats
← 你好

Arena

509894912Analyzed
4v4 RM · 4d ago on Sep 28, 2026· 36m 1s· 8 players
Game mode
Random Map
Map size
Large (8 player)
Population
200
Speed
Normal
Resources
Standard
Victory
Conquest
Starting age
Dark Age
Ending age
Imperial Age
RankedLock teamsTeams togetherTeam positionsShared explorationLock speedFull tech treeHidden civsTurbo modeCheats
Victory
Defeat
🇹🇼 Italians · Taiwan
1347
+16
🇨🇳 Bohemians · China
1328
+17
🇨🇳 Britons · China
1314
+17
🇨🇳 Mongols · China
1308
+17
🇩🇪 Saxons · Germany
1370
-18
🇫🇮 Byzantines · Finland
1354
-17
🇲🇽 Persians · Mexico
1330
-16
🇵🇱 Poles · Poland
1321
-16
higuilopez
10:30 Feudal Age
14:09 Castle Age
12:31 Double-Bit Axe
12:48 Horse Collar
14:13 Wheelbarrow
15:37 Bow Saw
20:06 Stone Mining
21:05 Hand Cart
23:10 Stone Shaft Mining
22:27 Gold Mining
27:26 Loom
27:33 Town Watch
31:00 Imperial Age
28:42 Forging
28:37 Scale Barding Armor
31:08 Chain Barding Armor
31:24 Iron Casting
31:08 Husbandry
31:18 Bloodlines
30:42 Elite War Elephant
31:43 Conscription
32:44 Plate Barding Armor
Borowik
10:41 Feudal Age
15:09 Castle Age
13:33 Double-Bit Axe
13:36 Horse Collar
16:15 Bow Saw
16:53 Loom
17:42 Heavy Plow
23:00 Wheelbarrow
26:44 Imperial Age
24:23 Gold Mining
24:40 Town Watch
25:13 Szlachta Privileges
25:44 Forging
25:47 Bloodlines
25:37 Husbandry
26:16 Scale Barding Armor
26:03 Stone Mining
26:30 Hand Cart
27:40 Iron Casting
27:08 Cavalier
29:41 Blast Furnace
30:11 Crop Rotation
30:44 Conscription
29:46 Light Cavalry
31:00 Chain Barding Armor
31:32 Stone Shaft Mining
31:50 Fletching
33:16 Chemistry
35:21 Town Patrol
engarvi
10:41 Feudal Age
14:53 Castle Age
12:59 Double-Bit Axe
13:51 Horse Collar
15:51 Bow Saw
17:44 Gold Mining
20:04 Wheelbarrow
20:05 Loom
24:17 Imperial Age
22:15 Fletching
23:04 Hand Cart
23:43 Heavy Plow
24:29 Gold Shaft Mining
24:17 Bodkin Arrow
24:01 Crossbowman
26:17 Chemistry
26:02 Bracer
26:41 Padded Archer Armor
27:28 Arbalester
28:33 Leather Archer Armor
29:19 Thumb Ring
30:59 Ring Archer Armor
30:38 Elite Skirmisher
32:33 Ballistics
34:17 Two-Man Saw
33:45 Capped Ram
34:28 Stone Mining
36:55 Stone Shaft Mining
pro_backseatgamer
11:18 Feudal Age
14:54 Castle Age
12:57 Double-Bit Axe
12:58 Horse Collar
22:08 Bow Saw
24:51 Wheelbarrow
24:18 Heavy Plow
24:23 Loom
25:30 Treadmill Crane
25:45 Gold Mining
25:47 Stone Mining
29:30 Imperial Age
27:17 Scale Mail Armor
27:48 Forging
28:11 Squires
27:56 Gambesons
28:52 Masonry
30:17 Chain Mail Armor
30:31 Fletching
30:42 Padded Archer Armor
31:14 Hand Cart
30:45 Town Watch
30:42 Elite Skirmisher
31:28 Thumb Ring
31:45 Bodkin Arrow
32:07 Leather Archer Armor
32:27 Plate Mail Armor
32:37 Bracer
33:08 Ballistics
33:48 Chemistry
34:12 Ring Archer Armor
35:32 Elite Varangian Guard
再讓我農一下
11:59 Feudal Age
13:35 Double-Bit Axe
15:52 Castle Age
13:57 Horse Collar
17:14 Bow Saw
18:05 Loom
22:06 Imperial Age
20:04 Fletching
21:00 Heavy Plow
21:38 Ballistics
22:59 Wheelbarrow
22:57 Treadmill Crane
23:35 Bodkin Arrow
26:30 Stone Mining
26:30 Gold Mining
26:38 Gold Mining
27:28 Padded Archer Armor
28:43 Chemistry
28:45 Conscription
30:38 Bracer
33:46 Elite Genoese Crossbowman
你好
10:14 Feudal Age
11:07 Double-Bit Axe
11:31 Horse Collar
14:10 Castle Age
15:11 Bow Saw
15:02 Heavy Plow
18:53 Wheelbarrow
21:15 Stone Mining
23:39 Gold Mining
27:11 Imperial Age
24:44 Fletching
25:39 Bodkin Arrow
26:20 Ballistics
26:03 Padded Archer Armor
27:46 Leather Archer Armor
27:57 Hand Cart
27:28 Loom
27:28 Town Watch
28:21 Gold Shaft Mining
27:52 Bracer
28:54 Chemistry
28:50 Leather Archer Armor
30:02 Ring Archer Armor
29:11 Elite Longbowman
30:12 Conscription
29:53 Treadmill Crane
31:14 Ring Archer Armor
31:43 Yeomen
31:59 Hoardings
32:02 Murder Holes
33:26 Guilds
34:30 Two-Man Saw
33:38 Siege Engineers
33:43 Fortified Wall
33:35 Caravan
34:02 Guard Tower
35:48 Masonry
36:38 Keep
37:09 Architecture
西湖天地
10:16 Feudal Age
14:03 Castle Age
12:04 Horse Collar
12:09 Double-Bit Axe
15:25 Heavy Plow
20:49 Wheelbarrow
21:33 Heavy Plow
22:37 Bow Saw
23:38 Stone Mining
23:40 Gold Mining
25:56 Stone Shaft Mining
25:56 Gold Shaft Mining
29:38 Imperial Age
27:34 Fletching
27:44 Padded Archer Armor
28:15 Hand Cart
28:13 Bodkin Arrow
28:41 Ballistics
29:12 Leather Archer Armor
29:06 Thumb Ring
29:19 Husbandry
29:30 Bloodlines
29:05 Light Cavalry
30:40 Bracer
31:45 Chemistry
31:18 Parthian Tactics
31:23 Scale Barding Armor
31:31 Elite Mangudai
32:41 Chain Barding Armor
33:51 Forging
33:34 Hussar
34:37 Conscription
35:22 Iron Casting
我要压力你了
10:36 Feudal Age
14:18 Castle Age
12:14 Double-Bit Axe
12:35 Horse Collar
15:33 Bow Saw
18:49 Fervor
22:07 Wheelbarrow
27:51 Imperial Age
25:26 Padded Archer Armor
25:20 Loom
26:33 Hand Cart
27:41 Chemistry
27:49 Leather Archer Armor
27:59 Pikeman
28:41 Fletching
28:53 Scale Mail Armor
29:44 Squires
34:26 Wagenburg Tactics
34:42 Conscription
34:18 Houfnice
36:26 Ring Archer Armor
36:28 Siege Engineers
Connection lost

Rejoining the realm…

Still unreachable

The connection could not be restored.

Session expired

The server has moved on; the page needs a fresh start.